 Dungeon Crawl Stone Soup version 0.31-a0-574-g69dc8cc98e (webtiles) character file.

Game seed: 9902047873355275198

98148 Dittersdorf the Tortoise (level 16, -3/110 HPs)
             Began as a Gargoyle Fighter on Aug 18, 2023.
             Was the Champion of the Shining One.
             Slain by a sun demon (10 damage)
             ... led by a balrug
             ... on level 4 of the Abyss.
             The game lasted 00:33:10 (20842 turns).

Dittersdorf the Tortoise (Gargoyle Fighter)        Turns: 20842, Time: 00:33:11

Health: -3/110     AC: 41    Str: 28    XL:     16   Next: 21%
Magic:  16/16      EV:  7    Int: 11    God:    the Shining One [******]
Gold:   965        SH: 18    Dex: 12    Spells: 15/15 levels left

rFire   . . .        C - +8 flail "Xusap" {heavy, Str+2 Stlth+}
rCold   + . .        A - +0 tower shield
rNeg    + + +        H - +0 plate armour {Will+}
rPois   ∞            F - +2 helmet
rElec   +            u - +2 cloak of Distant Worlds {Regen+ Stlth+}
rCorr   .            D - +0 pair of gloves
SInv    .            b - +1 pair of boots of Ashenzari's Delight {rC+ rN+ Regen+ Dex-3}
Will    ++...        a - amulet of regeneration Stlth
                     j - +6 ring of dexterity
HPRegen 2.78/turn    i - +4 ring of slaying
MPRegen 0.15/turn

%: no passive effects
@: flying, glowing, studying Polearms
A: sickness immunity, AC +12, big wings, negative energy resistance 1,
electricity resistance, torment resistance 1, petrification resistance
a: Renounce Religion, Divine Shield, Cleansing Flame, Summon Divine Warrior,
Brand Weapon With Holy Wrath


You were on level 4 of the Abyss.
You worshipped the Shining One.
The Shining One was exalted by your worship.
You visited 5 branches of the dungeon, and saw 24 of its levels.
You visited the Abyss 1 time.

You collected 2238 gold pieces.
You spent 1273 gold pieces at shops.

Inventory:

Hand Weapons
 x - a +2 morningstar
 C - the +8 flail "Xusap" (weapon) {heavy, Str+2 Stlth+}
   (You found it on level 5 of the Lair of Beasts)

   Str+2:     It affects your strength (+2).
   Stlth+:    It makes you more stealthy.
Armour
 b - the +1 pair of boots of Ashenzari's Delight (worn) {rC+ rN+ Regen+ Dex-3}
   (You bought it in a shop on level 6 of the Dungeon)

   Dex-3:     It affects your dexterity (-3).
   rC+:       It protects you from cold.
   rN+:       It protects you from negative energy.
   Regen+:    It increases your rate of health regeneration.
 u - the +2 cloak of Distant Worlds (worn) {Regen+ Stlth+}
   (You found it on level 5 of the Dungeon)

   Regen+:    It increases your rate of health regeneration.
   Stlth+:    It makes you more stealthy.
 A - a +0 tower shield (worn)
 D - a +0 pair of gloves (worn)
 F - a +2 helmet (worn)
 H - a +0 plate armour of willpower (worn)
Jewellery
 a - an amulet of regeneration (around neck)
 i - a +4 ring of slaying (right hand)
 j - a +6 ring of dexterity (left hand)
 m - a ring of magical power
 B - a ring of see invisible
 E - a ring of wizardry
Wands
 l - a wand of digging (19)
 o - a wand of light (13) (quivered)
 r - a wand of iceblast (8)
Scrolls
 c - a scroll of blinking
 e - 8 scrolls of teleportation
 f - 3 scrolls of fear
 w - 3 scrolls of fog
 y - 5 scrolls of enchant armour
 G - 10 scrolls of identify
Potions
 d - 2 potions of might
 g - 2 potions of curing
 h - 7 potions of heal wounds
 k - 4 potions of haste
 n - a potion of ambrosia
 p - 8 potions of mutation
 q - 4 potions of magic
 s - 7 potions of brilliance
 t - 7 potions of enlightenment
 v - a potion of cancellation
 z - a potion of resistance


   Skills:
 + Level 16.0 Fighting
 + Level 14.6 Maces & Flails
 + Level 16.1 Armour
 + Level 16.0 Shields


You had 15 spell levels left.
You didn't know any spells.
Your spell library contained the following spells:

 Spells                   Type           Power      Damage    Failure   Level
 Sandblast                Erth           0%         2d4       99%         1
 Shock                    Conj/Air       0%         1d3       99%         1
 Summon Small Mammal      Summ           0%         N/A       99%         1
 Passwall                 Tmut/Erth      0%         N/A       99%         2
 Poisonous Vapours        Pois/Air       0%         N/A       99%         2
 Call Canine Familiar     Summ           0%         N/A       100%        3
 Inner Flame              Hex/Fire       0%         N/A       100%        3
 Mephitic Cloud           Conj/Pois/Air  0%         N/A       100%        3
 Stone Arrow              Conj/Erth      0%         3d7       100%        3
 Summon Guardian Golem    Hex/Summ       0%         N/A       100%        3
 Swiftness                Air            0%         N/A       100%        3
 Airstrike                Air            0%         2d(0-16)  100%        4
 Flame Wave               Conj/Fire      0%         2d4       100%        4
 Olgreb's Toxic Radiance  Pois           0%         N/A       100%        4
 Petrify                  Tmut/Erth      0%         N/A       100%        4
 Sticky Flame             Conj/Fire      0%         2d3       100%        4
 Freezing Cloud           Conj/Ice/Air   0%         6-21      100%        5
 Irradiate                Conj/Tmut      0%         3d11      100%        5
 Orb of Destruction       Conj           0%         9d5       100%        7
 Spellforged Servitor     Conj/Summ      0%         N/A       100%        7
 Discord                  Hex            0%         N/A       100%        8
 Ignition                 Fire           0%         3d3       100%        8
 Sublimation of Blood     Necr           Unusable   N/A       N/A         2

Dungeon Overview and Level Annotations

Branches:
Dungeon (15/15)            Temple (1/1) D:4            Lair (5/5) D:11
  Swamp (0/4) Lair:2       Spider (0/4) Lair:3        Slime (0/5) Lair:5
    Orc (2/2) D:10            Elf (1/3) Orc:2        Vaults (0/5) D:14
 Depths (0/4) D:15

Altars:
Ashenzari
Cheibriados
Dithmenos
Elyvilon
Fedhas
Gozag
Hepliaklqana
Kikubaaqudgha
Makhleb
Nemelex Xobeh
Okawaru
Qazlal
Ru
Sif Muna
Trog
Uskayaw
Vehumet
Wu Jian
Xom
Yredelemnul
Zin
The Shining One

Shops:
D:4 ((=?   D:5 =*   D:6 *   D:8 !   D:9 *   D:15 **:*   Orc:1 !   Orc:2 =!::*!*

Annotations:
Lair:2 2 transporters, noobcanoe's ghost, journeyman MeFi
Elf:1 Zenata


Innate Abilities, Weirdness & Mutations

You are immune to sickness and miasma.
Your stone body is resilient. (AC +12)
You are immune to poison.
Your large and strong wings let you fly.
You resist negative energy. (rN+)
You are resistant to electric shocks. (rElec)
You are resistant to unholy torment.
You are immune to petrification.


Message History

Press: ? - help, Dir - look around, f - activate You fail to use your ability.
You block the sun demon's attack. x2
The sun demon hits you but does no damage.
Activating: Cleansing Flame (78% risk of failure)
Press: ? - help, Dir - look around, f - activate You fail to use your ability.
You block the sun demon's attack. x3
The sun demon hits you!
You are engulfed in flames!!
Activating: Cleansing Flame (78% risk of failure)
Press: ? - help, Dir - look around, f - activate You fail to use your ability.
The sun demon hits you!
You are engulfed in flames!
* * * LOW HITPOINT WARNING * * *
You block the sun demon's attack. The sun demon barely misses you.
The sun demon hits you but does no damage.
You block the sun demon's attack.
You feel better. You block the sun demon's attack. x2
The sun demon barely misses you.
You feel better. You block the sun demon's attack. The sun demon hits you!
* * * LOW HITPOINT WARNING * * *
You are engulfed in flames!
* * * LOW HITPOINT WARNING * * *
You block the sun demon's attack.
You feel better. You block the sun demon's attack.
The sun demon hits you but does no damage.
You block the sun demon's attack.
You feel better.
The sun demon hits you but does no damage.
The sun demon hits you!
* * * LOW HITPOINT WARNING * * *
You are engulfed in flames!
* * * LOW HITPOINT WARNING * * *
You block the sun demon's attack. x2
You feel better. You block the sun demon's attack.
The sun demon hits you but does no damage.
The sun demon hits you.
* * * LOW HITPOINT WARNING * * *
You are engulfed in flames!
* * * LOW HITPOINT WARNING * * *
You block the sun demon's attack. The sun demon hits you!
You die...

#.. # # ##
##. # .#. .#
# #.. ## .#
# ...##
#...# .#
#...#.. ##.
>
#.##.#.#...#
#...#.#..
#.3###.###
#.@3.....#
###3..##.#
#....#
#....#
####.# #.##
###


You could see 3 sun demons.

Vanquished Creatures
  Gastronok (Lair:2)
  A balrug (Abyss:4)
  3 hydras (Lair:5)
  5 centaur warriors
  3 dancing weapons
  7 two-headed ogres
  2 boulder beetles
  5 death yaks (Lair:2)
  A tengu warrior (D:14)
  Urug (D:10)
  A vampire mage (D:15)
  An orc high priest (Orc:2)
  A storm dragon zombie (D:15)
  2 skeletal warriors (D:15)
  3 goliath frogs (Lair:5)
  5 skysharks
  A spark wasp zombie (D:15)
  A lindwurm (Lair:4)
  Pikel (D:4)
  9 orc knights
  A necromancer (D:15)
  3 deep elf zephyrmancers (Elf:1)
  3 deep elf pyromancers (Elf:1)
  2 orc sorcerers (Orc:2)
  12 ugly things
  5 manticores
  7 cyclopes
  6 black mambas
  13 elephants
  A fire giant skeleton (D:15)
  A stone giant skeleton (D:15)
  A gargoyle (D:10)
  2 torpor snails
  20 cane toads
  4 kobold demonologists
  A large abomination (Abyss:4)
  A rime drake (Lair:4)
  An efreet (D:15)
  4 yaktaurs (D:15)
  7 komodo dragons
  A freezing wraith (D:15)
  4 polar bears
  7 meliai
  8 trolls
  Grinder (D:6)
  27 blink frogs
  A tyrant leech (Lair:5)
  6 saltlings (Orc:2)
  7 slime creatures
  A water elemental (D:14)
  An air elemental (Elf:1)
  4 wyverns
  48 yaks
  2 basilisks
  2 wraiths
  4 fire bats (D:8)
  Grum (D:10)
  A fire elemental (D:8)
  13 vampire mosquitoes
  3 steam dragons
  Menkaure (D:6)
  5 wargs
  3 acid dragons
  14 water moccasins
  A hell hound (D:8)
  10 black bears
  15 orc warriors
  An ice beast (D:7)
  2 sky beasts
  5 ogres
  8 wolves
  7 centaurs
  2 lemures
  11 kobold brigands
  14 bullfrogs
  A necrophage (D:10)
  5 scorpions
  9 wights
  18 killer bees
  8 electric eels
  6 howler monkeys
  2 lava snakes (D:8)
  A human zombie (D:10)
  14 jellies
  6 centaur zombies (D:10)
  3 starcursed masses (Abyss:4)
  14 orc priests
  An iguana (D:5)
  2 sleepcaps
  Natasha (thrice) (D:3)
  16 orc wizards
  2 mummies (D:10)
  A howler monkey zombie (D:10)
  4 gnolls (D:3)
  5 adders
  2 white imps (D:6)
  An ufetubus (D:5)
  A dart slug (D:2)
  83 orcs
  2 bats
  10 endoplasms
  4 giant cockroaches
  4 goblins
  10 hobgoblins
  14 kobolds
  5 ball pythons
  5 frilled lizards
  4 rats
656 creatures vanquished.

Vanquished Creatures (others)
  2 orc wizards
  A kobold (D:13)
3 creatures vanquished.

Grand Total: 659 creatures vanquished

Notes
Turn   | Place    | Note
-------+----------+-------------------------------------------
     0 | D:1      | Dittersdorf the Gargoyle Fighter began the quest for the
                  | Orb.
     0 | D:1      | Reached XP level 1. HP: 14/14 MP: 1/1
    96 | D:1      | Reached XP level 2. HP: 18/19 MP: 2/2
  1009 | D:2      | Reached XP level 3. HP: 23/23 MP: 3/3
  1546 | D:2      | Reached XP level 4. HP: 29/29 MP: 4/4
  2101 | D:3      | Found a burning altar of Makhleb.
  2254 | D:3      | Noticed Natasha
  2262 | D:3      | Killed Natasha
  2263 | D:3      | Reached XP level 5. HP: 32/33 MP: 5/5
  2399 | D:3      | Found a stormy altar of Qazlal.
  2676 | D:3      | Noticed Natasha
  2685 | D:3      | Killed Natasha
  2724 | D:3      | Found a burning altar of Makhleb.
  2781 | D:3      | Noticed Natasha
  2787 | D:3      | Killed Natasha
  2788 | D:3      | Reached XP level 6. HP: 29/39 MP: 6/6
  2843 | D:3      | Found a stormy altar of Qazlal.
  3279 | D:4      | Noticed Pikel
  3328 | D:4      | Found Ugum's Jewellery Emporium.
  3367 | D:4      | Found Joduxt's Weapon Emporium.
  3407 | D:4      | Found Ywoah's Magic Scroll Shoppe.
  3535 | D:4      | Found Pusiczi's Weapon Shop.
  3560 | D:4      | Found an ancient bone altar of Kikubaaqudgha.
  3578 | D:4      | Identified the +4 whip of Beogh, Kissing {flame, *Corrode
                  | Str+4 Dex+5}
  3644 | D:4      | Killed Pikel
  3645 | D:4      | Reached skill level 5 in Fighting
  3645 | D:4      | Reached skill level 5 in Armour
  3645 | D:4      | Reached skill level 5 in Shields
  3645 | D:4      | Reached XP level 7. HP: 12/45 MP: 7/7
  3851 | D:4      | Found a staircase to the Ecumenical Temple.
  3860 | Temple   | Entered the Ecumenical Temple
  3887 | Temple   | Became a worshipper of the Shining One
  4068 | D:4      | Found a shimmering altar of Xom.
  4174 | D:5      | Entered Level 5 of the Dungeon
  4294 | D:5      | Found Maimosch's Jewellery Shop.
  4328 | D:5      | Identified the +2 cloak of Distant Worlds {Regen+ Stlth+}
  4347 | D:5      | Reached XP level 8. HP: 39/51 MP: 8/8
  4558 | D:5      | Reached skill level 5 in Maces & Flails
  4580 | D:5      | Found an iron altar of Okawaru.
  4589 | D:5      | Found Iryeti's General Store.
  5120 | D:5      | Found a radiant altar of Vehumet.
  5498 | D:5      | Found Iryeti's General Store.
  5617 | D:5      | Found an iron altar of Okawaru.
  5632 | D:5      | Found a radiant altar of Vehumet.
  5663 | D:5      | Found Maimosch's Jewellery Shop.
  6262 | D:6      | Found Nuteetie's Assorted Antiques.
  6267 | D:6      | Bought a pair of distressingly furry boots for 171 gold
                  | pieces
  6267 | D:6      | Identified the +1 pair of boots of Ashenzari's Delight {rC+
                  | rN+ Regen+ Dex-3} (You bought it in a shop on level 6 of
                  | the Dungeon)
  6290 | D:6      | Found a shadowy altar of Dithmenos.
  6421 | D:6      | Reached XP level 9. HP: 54/56 MP: 9/9
  6460 | D:6      | Found a snail-covered altar of Cheibriados.
  6608 | D:6      | Noticed Menkaure
  6608 | D:6      | Reached * piety under the Shining One
  6617 | D:6      | Killed Menkaure
  6819 | D:6      | Noticed Grinder
  6824 | D:6      | Paralysed by Grinder for 3 turns
  6831 | D:6      | Killed Grinder
  7007 | D:7      | Noticed a two-headed ogre
  7021 | D:6      | Killed a two-headed ogre
  7043 | D:7      | Found a blossoming altar of Fedhas.
  7071 | D:6      | Reached XP level 10. HP: 64/64 MP: 10/10
  7088 | D:7      | Found a shimmering blue altar of Sif Muna.
  7630 | D:8      | Reached ** piety under the Shining One
  8100 | D:8      | Found Ganapiupp's Distillery.
  8108 | D:8      | Bought a potion of heal wounds for 55 gold pieces
  8710 | D:9      | Reached *** piety under the Shining One
  8717 | D:9      | Reached XP level 11. HP: 71/71 MP: 11/11
  8878 | D:9      | Found Etyps's Mass Market.
  8889 | D:9      | Bought a +0 tower shield for 58 gold pieces
  9120 | D:9      | Noticed a sun demon
  9167 | D:9      | Noticed a two-headed ogre
  9176 | D:9      | Killed a two-headed ogre
  9177 | D:9      | Reached skill level 10 in Fighting
  9177 | D:9      | Reached skill level 10 in Armour
  9177 | D:9      | Reached skill level 10 in Shields
  9450 | D:9      | Found a sacrificial altar of Ru.
  9476 | D:10     | Entered Level 10 of the Dungeon
  9525 | D:10     | Found a staircase to the Orcish Mines.
  9685 | D:10     | Reached **** piety under the Shining One
  9687 | D:10     | Noticed Grum
  9700 | D:10     | Killed Grum
  9775 | D:10     | Noticed Urug
  9787 | D:10     | Killed Urug
 10174 | D:10     | Found a basalt altar of Yredelemnul.
 10204 | D:10     | Reached ***** piety under the Shining One
 10318 | D:10     | Noticed a two-headed ogre
 10328 | D:10     | Killed a two-headed ogre
 10329 | D:10     | Reached XP level 12. HP: 70/80 MP: 12/12
 10516 | D:10     | Found a sparkling altar of Nemelex Xobeh.
 10647 | D:11     | Found a staircase to the Lair.
 10725 | D:11     | Reached skill level 10 in Maces & Flails
 10774 | D:11     | Noticed a two-headed ogre
 10782 | D:11     | Killed a two-headed ogre
 11270 | Lair:1   | Entered Level 1 of the Lair of Beasts
 11698 | Lair:1   | Reached XP level 13. HP: 78/86 MP: 13/13
 12120 | Lair:2   | Noticed Gastronok
 12142 | Lair:2   | Killed Gastronok
 12381 | Lair:2   | Noticed noobcanoe's ghost (journeyman MeFi)
 12417 | Lair:2   | Found a transporter.
 12422 | Lair:2   | Found a transporter.
 12675 | Lair:2   | Found a staircase to the Swamp.
 12679 | Lair:2   | Reached ****** piety under the Shining One
 13058 | Lair:3   | You fall into a shaft and drop 2 floors!
 13058 | Lair:5   | Entered Level 5 of the Lair of Beasts
 13311 | Lair:3   | Found a hole to the Spider Nest.
 13324 | Lair:3   | Gained mutation: Your large and strong wings let you fly.
                  | [Gargoyle growth]
 13324 | Lair:3   | Reached XP level 14. HP: 87/94 MP: 14/14
 14854 | Lair:5   | Found a staircase to the Slime Pits.
 14902 | Lair:5   | Identified the +8 flail "Xusap" {heavy, Str+2 Stlth+}
 15570 | Lair:5   | Found the +5 glaive of the Guard {elec, spectral, AC+5}
 16171 | Orc:1    | Entered Level 1 of the Orcish Mines
 16248 | Orc:1    | Found Huijearacesm's Distillery.
 16257 | Orc:1    | Bought a potion of heal wounds for 80 gold pieces
 16257 | Orc:1    | Bought a potion of heal wounds for 80 gold pieces
 16632 | Orc:2    | Entered Level 2 of the Orcish Mines
 16724 | Orc:2    | Found Pezel's General Store.
 16733 | Orc:2    | Bought a potion of heal wounds for 85 gold pieces
 16802 | Orc:2    | Found Weqatsaf's Gadget Gallery.
 16824 | Orc:2    | Found a staircase to the Elven Halls.
 16877 | Orc:2    | Found Ximamp's Distillery.
 16890 | Orc:2    | Bought a potion of heal wounds for 90 gold pieces
 16963 | Orc:2    | Reached XP level 15. HP: 95/101 MP: 15/15
 17089 | Orc:2    | Found Plog's Jewellery Boutique.
 17112 | Orc:2    | Found Sean's Distillery.
 17118 | Orc:2    | Bought a potion of heal wounds for 80 gold pieces
 17118 | Orc:2    | Bought a potion of heal wounds for 80 gold pieces
 17146 | Orc:2    | Found Egrigabb's Book Shoppe.
 17154 | Orc:2    | Reached skill level 15 in Armour
 17186 | Orc:2    | Found Miorr's Book Shop.
 17498 | D:4      | Bought a scroll of enchant armour for 82 gold pieces
 17498 | D:4      | Bought a scroll of enchant armour for 82 gold pieces
 17507 | D:4      | Bought an amulet of regeneration for 330 gold pieces
 17727 | D:12     | Reached skill level 15 in Shields
 17731 | D:12     | Reached skill level 15 in Fighting
 17828 | D:12     | Found a shimmering altar of Xom.
 17830 | D:12     | Found a radiant altar of Vehumet.
 17830 | D:12     | Found a white marble altar of Elyvilon.
 17832 | D:12     | Found a radiant altar of Vehumet.
 17832 | D:12     | Found a broken altar of Ashenzari.
 17832 | D:12     | Found a blossoming altar of Fedhas.
 19158 | D:14     | Found a gate to the Vaults.
 19796 | D:15     | Entered Level 15 of the Dungeon
 19833 | D:15     | Found Uciu's Assorted Antiques.
 19880 | D:15     | Found Quzimnif's Assorted Antiques.
 19881 | D:15     | Found Hoawnas's Book Shoppe.
 19952 | D:15     | Found Tiocsan's Assorted Antiques.
 19998 | D:15     | Found a staircase to the Depths.
 20125 | D:15     | Reached XP level 16. HP: 109/109 MP: 16/16
 20566 | Elf:1    | Entered Level 1 of the Elven Halls
 20698 | Elf:1    | Noticed Zenata
 20703 | Elf:1    | Paralysed by an air elemental for 1 turns
 20708 | Elf:1    | Paralysed by an air elemental for 1 turns
 20712 | Elf:1    | Paralysed by an air elemental for 1 turns
 20738 | Abyss:4  | Cast into level 4 of the Abyss (+2 scimitar of distortion)
 20830 | Abyss:4  | HP: 2/110 [sun demon[a balrug] (19)]
 20842 | Abyss:4  | Slain by a sun demon

Illustrated notes

Levels and vault maps discovered:
D:1:      lightli_arrival_statue_moat, layout_loops_corners,
          kennysheep_decorative_pillar
D:2:      layout_loops_corners
D:3:      layout_rooms, mainiacjoe_overflow_cross_hatched,
          lemuel_coloured_pillars_altar, nrook_uturn, uniq_natasha
D:4:      layout_cave_pools, mainiacjoe_overflow_24_doors,
          mainiacjoe_overflow_paths, minmay_temple_entry_arrows, serial_shops,
          nicolae_shop_getting_attention, shop, kennysheep_mini_moat,
          nicolae_shop_back_alley_shop, uniq_pikel
D:5:      layout_basic, mainiacjoe_overflow_divided_tiny, serial_shops, shop,
          nicolae_stop_n_shop_1
D:6:      layout_gridville, grunt_dithmenos_smoke,
          mainiacjoe_overflow_concentric_impassable, nicolae_stop_n_shop_2,
          uniq_menkaure, uniq_grinder
D:7:      layout_cave_pools, mainiacjoe_overflow_tiny_flanked,
          lemuel_crystal_altar, skrybe_limestone_x
D:8:      layout_basic, serial_shops, shop, serial_glass, glass_columns_a,
          glass_columns_c, item_on_display_a, item_on_display_b,
          hangedman_incinerator
D:9:      layout_roguey, nicolae_ru_path_of_blood, minmay_shop_mass,
          kennysheep_generic_room_3
D:10:     layout_long_grid, mainiacjoe_overflow_alcove_1,
          lemuel_mausoleum_altar_yredelemnul, hiddenorc2_lemuel, serial_bayou,
          serial_bayou_shore_b, serial_bayou_pond_d, serial_bayou_shore_b,
          serial_bayou_lake_a, statue_in_the_mist_lemuel, uniq_urug, uniq_grum
D:11:     layout_loops_ring, lair_entry_dummy
D:12:     layout_basic, doesnt_xom_only_xom
D:13:     layout_loops_cross
D:14:     layout_roguey, erik_vaults_1, serial_bayou, serial_bayou_pond_e,
          serial_bayou_shore_b, serial_bayou_pond_e, serial_bayou_shore_b,
          serial_bayou_pond_c, serial_bayou_crossing
D:15:     gammafunk_depths_entry_grave, layout_rooms,
          nicolae_figureground_pulse, serial_glass, glass_columns_b,
          glass_columns_a, glass_columns_b, glass_columns_a, glass_columns_a,
          glass_columns_b, serial_shops, nicolae_shop_window_shopping,
          nicolae_shop_tiny_waterfront, shop, nicolae_shop_stone,
          minmay_misc_feat_tower
Temple:   grunt_temple_mini_profane
Lair:1:   layout_long_grid, gammafunk_lair_bear_cave, lemuel_fruit_tree
Lair:2:   layout_roguey, swamp_mist, gammafunk_ghost_hive, ldierk_geyser,
          serial_bayou_lagoon_a, infiniplex_staircase_pool_2, uniq_gastronok
Lair:3:   layout_loops_ring, hellmonk_spider_entry_not_the_bees,
          beast_lair_carwin_7
Lair:4:   layout_regular_city
Lair:5:   minmay_lair_end_frog_pond, layout_long_grid,
          minmay_slime_entry_jelly_boxes
Orc:1:    layout_caves, basic_altar, serial_shops, shop
Orc:2:    hellmonk_orc_salted, layout_caves, serial_shops, shop_statue, shop,
          nicolae_shop_gadgets
Elf:1:    elf_arrival_001, layout_geoelf_octagon, orc_legates, drop_trap,
          uniq_zenata
Abyss:4:  base: D:2, base: Crypt:2, base: Spider:1, evilmike_abyss_exit_kraken,
          evilmike_nicolae_abyss_rune_betentacled_crabyss

Skill      XL: |  1  2  3  4  5  6  7  8  9 10 11 12 13 14 15 16 |
---------------+-------------------------------------------------+-----
Fighting       | 4 5 6 8 9 11 12 13 14 15 16 | 16.0
Shields        | 4 5 6 8 9 11 12 13 14 15 16 | 16.0
Armour         | 4 5 6 8 9 11 12 13 14 15 16 | 16.1
Maces & Flails | 3 4 5 7 8 9 11 12 13 14 | 14.6

Action                     |  1- 3 |  4- 6 |  7- 9 | 10-12 | 13-15 | 16-18 || total
---------------------------+-------+-------+-------+-------+-------+-------++-------
  Melee: Flail             |   117 |   134 |   247 |    55 |   596 |    78 ||  1227
         Morningstar       |       |       |       |   657 |   588 |       ||  1245
  Evoke: Wand              |       |    16 |       |       |       |       ||    16
    Use: Scroll            |       |       |    11 |    12 |     4 |       ||    27
         Potion            |       |       |       |       |       |    14 ||    14
 Armour: Scale mail        |    21 |       |       |       |       |       ||    21
         Chain mail        |    37 |    83 |   186 |   514 |   733 |       ||  1553
         Skin              |       |       |       |    39 |       |       ||    39
         Plate armour      |       |       |       |       |   348 |    85 ||   433
  Dodge: Dodged            |    62 |    54 |    97 |   229 |   403 |    36 ||   881
  Block: Buckler           |    25 |    33 |    80 |   117 |       |       ||   255
         Tower shield      |       |       |       |   487 |  1518 |    99 ||  2104

Table legend: (Time is in decaauts)
 A = Elapsed time spent in this place.
 B = Non-inter-level travel time spent in this place.
 C = Inter-level travel time spent in this place.
 D = Time resting spent in this place.
 E = Time spent auto-exploring this place.
 F = Levels seen in this place.
 G = Mean time per level.
                   A        B        C        D        E       F      G
               +--------+--------+--------+--------+--------+-----+--------+
         Total |  21338 |  19787 |   1551 |   1158 |  13528 |  25 |  853.5 |
       Dungeon |  14717 |  13548 |   1169 |    931 |   9575 |  15 |  981.1 |
        Temple |     49 |     49 |      0 |      0 |      0 |   1 |   49.0 |
          Lair |   4980 |   4761 |    219 |    185 |   3004 |   5 |  996.0 |
  Orcish Mines |   1306 |   1145 |    161 |      0 |    856 |   2 |  653.0 |
   Elven Halls |    177 |    176 |      1 |      0 |     92 |   1 |  177.0 |
         Abyss |    106 |    106 |      0 |     42 |      0 |   1 |  106.0 |
               +--------+--------+--------+--------+--------+-----+--------+

Top non-repeatable levels by time:
     D:5: 2018 daAuts
     D:3: 1320 daAuts
  Lair:5: 1299 daAuts
    D:10: 1243 daAuts
     D:8: 1145 daAuts
     D:4: 1130 daAuts
     D:1: 1025 daAuts
  Lair:2: 996 daAuts
     D:9: 968 daAuts
     D:2: 939 daAuts
  Lair:3: 918 daAuts
  Lair:1: 886 daAuts
  Lair:4: 880 daAuts
   Orc:2: 810 daAuts
    D:12: 806 daAuts
